| TOP OF THE 1ST |
|
Huron Cubs batting - Pitching for Watertown Bucks : RHP Bob L Gibson
|
|
Pitching: RHP Bob L Gibson
|
|
|
Batting: RHB Ivan Calderon
|
0-0: Ball 1-0: Swinging Strike 1-1: Swinging Strike 1-2: Foul Ball, location: 2F 1-2: Foul Ball, location: 2F 1-2: Fly out, F8 (Flyball, 8RM, EV 95.6 MPH)
|
|
Batting: SHB Keith Smith
|
0-0: Called Strike 0-1: Ball 1-1: Called Strike 1-2: Ground out 4-3 (Groundball, 4, EV 98.1 MPH)
|
|
Batting: RHB Mark Carreon
|
0-0: Fly out, F7 (Flyball, 7LD, EV 96.9 MPH)
|
| Top of the 1st over - 0 runs, 0 hits, 0 errors, 0 left on base; Huron 0 - Watertown 0 |
| BOTTOM OF THE 1ST |
|
Watertown Bucks batting - Pitching for Huron Cubs : RHP Carlos Gil
|
|
Pitching: RHP Carlos Gil
|
|
|
Batting: SHB Luis Rivera
|
0-0: Ball 1-0: Swinging Strike 1-1: Swinging Strike 1-2: Strikes out swinging
|
|
Batting: RHB Robert Tanzi
|
0-0: Called Strike 0-1: Ball 1-1: Fly out, F8 (Flyball, 8RM, EV 87.5 MPH)
|
|
Batting: RHB Randy Hunt
|
0-0: Called Strike 0-1: Swinging Strike 0-2: Ball 1-2: SINGLE (Line Drive, 5D, EV 99.4 MPH)
|
|
Batting: RHB Richard Plautz
|
0-0: Ball 1-0: Ball 2-0: Foul Ball, location: 2F 2-1: Ground out 4-3 (Groundball, 34, EV 80.0 MPH)
|
| Bottom of the 1st over - 0 runs, 1 hit, 0 errors, 1 left on base; Huron 0 - Watertown 0 |
| TOP OF THE 2ND |
|
Huron Cubs batting - Pitching for Watertown Bucks : RHP Bob L Gibson
|
|
Batting: RHB John Alvarez
|
0-0: Foul Ball, location: 2F 0-1: Called Strike 0-2: Ball 1-2: Foul Ball, location: 2F 1-2: Ball 2-2: Ball 3-2: Foul Ball, location: 2F 3-2: Foul Ball, location: 2F 3-2: Foul Ball, location: 2F 3-2: Base on Balls
|
|
Batting: LHB Willis Gonzalez
|
0-0: Ball 1-0: SINGLE (Line Drive, 6D, EV 94.4 MPH) John Alvarez to second
|
|
Batting: RHB Mike Stellern
|
0-0: Fly out, F9 (Flyball, 9LD, EV 97.5 MPH) Runner from 2nd tags up, SAFE at 3rd, no throw by RF
|
|
Batting: RHB Duffy Ryan
|
0-0: Ball 1-0: Foul Ball, location: 2F 1-1: Foul Ball, location: 2F 1-2: Reached on error, E6 (Groundball, 56, EV 83.1 MPH) John Alvarez scores Willis Gonzalez to second
|
|
Batting: RHB Scot Holliday
|
0-0: Foul Ball, location: 2F 0-1: Foul Ball, location: 2F 0-2: Ball 1-2: Ball 2-2: Fly out, F8 (Flyball, 8RXD, EV 108.1 MPH) Runner from 2nd tags up, SAFE at 3rd, no throw by CF
|
|
Batting: SHB Chris Pittaro
|
0-0: Called Strike 0-1: Foul Ball, location: 2F 0-2: Ball 1-2: Strikes out looking
|
| Top of the 2nd over - 1 run, 1 hit, 1 error, 2 left on base; Huron 1 - Watertown 0 |
| BOTTOM OF THE 2ND |
|
Watertown Bucks batting - Pitching for Huron Cubs : RHP Carlos Gil
|
|
Batting: LHB Bryan Neal
|
0-0: Called Strike 0-1: Swinging Strike 0-2: Ball 1-2: Reached on error, E5 (Groundball, 5S, EV 95.0 MPH)
|
|
Batting: RHB Eugene Cattane
|
0-0: Foul Ball, location: 2F 0-1: Ground out 4-3 (Groundball, 34, EV 107.5 MPH) Bryan Neal to second
|
|
Batting: LHB Greg Guin
|
0-0: Ball 1-0: Foul Ball, location: 2F 1-1: Ball 2-1: Called Strike 2-2: Ball 3-2: Base on Balls
|
|
Batting: RHB Thomas Dimino
|
0-0: Foul Ball, location: 2F 0-1: Foul Ball, location: 2F 0-2: Foul Ball, location: 2F 0-2: Foul Ball, location: 2F 0-2: Fly out, F8 (Line Drive, 8RM, EV 91.3 MPH)
|
|
Batting: LHB Carl Spikes
|
0-0: Ball 1-0: Ball 2-0: Ball 3-0: Called Strike 3-1: Ground out U3 (Groundball, 3, EV 81.3 MPH)
|
| Bottom of the 2nd over - 0 runs, 0 hits, 1 error, 2 left on base; Huron 1 - Watertown 0 |
| TOP OF THE 3RD |
|
Huron Cubs batting - Pitching for Watertown Bucks : RHP Bob L Gibson
|
|
Batting: RHB Ivan Calderon
|
0-0: Called Strike 0-1: SINGLE (Flyball, 34D, EV 90.0 MPH)
|
|
Batting: SHB Keith Smith
|
0-0: Called Strike 0-1: Ball 1-1: Ball 2-1: Foul Ball, location: 2F 2-2: SINGLE (Line Drive, 8RS, EV 110.0 MPH) Ivan Calderon to second
|
|
Batting: RHB Mark Carreon
|
0-0: Ball 1-0: Called Strike 1-1: Fly out, F9 (Flyball, 9LM, EV 100.6 MPH) Runner from 2nd tags up, SAFE at 3rd, no throw by RF
|
|
Batting: RHB John Alvarez
|
0-0: Ball Keith Smith is caught stealing 2nd base 2-4 1-0: Ball 2-0: Called Strike 2-1: Fly out, F9 (Flyball, 89M, EV 85.6 MPH)
|
| Top of the 3rd over - 0 runs, 2 hits, 0 errors, 1 left on base; Huron 1 - Watertown 0 |
| BOTTOM OF THE 3RD |
|
Watertown Bucks batting - Pitching for Huron Cubs : RHP Carlos Gil
|
|
Batting: SHB Luis Rivera
|
0-0: Ground out 2-3 (Groundball, 15S, EV 68.1 MPH)
|
|
Batting: RHB Robert Tanzi
|
0-0: Ball 1-0: Ball 2-0: Swinging Strike 2-1: Ground out 4-3 (Groundball, 4, EV 101.9 MPH)
|
|
Batting: RHB Randy Hunt
|
0-0: Ground out 4-3 (Groundball, 34, EV 100.6 MPH)
|
| Bottom of the 3rd over - 0 runs, 0 hits, 0 errors, 0 left on base; Huron 1 - Watertown 0 |
| TOP OF THE 4TH |
|
Huron Cubs batting - Pitching for Watertown Bucks : RHP Bob L Gibson
|
|
Batting: LHB Willis Gonzalez
|
0-0: Called Strike 0-1: Ball 1-1: Ball 2-1: Ball 3-1: Base on Balls
|
|
Batting: RHB Mike Stellern
|
0-0: Ball 1-0: Ball 2-0: Fly out, F9 (Flyball, 9S, EV 81.9 MPH)
|
|
Batting: RHB Duffy Ryan
|
0-0: Called Strike 0-1: Ball 1-1: Ball 2-1: Foul Ball, location: 2F 2-2: Ball 3-2: Fly out, F9 (Line Drive, 9, EV 106.3 MPH)
|
|
Batting: RHB Scot Holliday
|
0-0: Called Strike 0-1: Fly out, F7 (Flyball, 7LS, EV 90.6 MPH)
|
| Top of the 4th over - 0 runs, 0 hits, 0 errors, 1 left on base; Huron 1 - Watertown 0 |
| BOTTOM OF THE 4TH |
|
Watertown Bucks batting - Pitching for Huron Cubs : RHP Carlos Gil
|
|
Batting: RHB Richard Plautz
|
0-0: Called Strike 0-1: Ball 1-1: Foul Ball, location: 2F 1-2: Ground out 3-1 (Groundball, 34, EV 103.8 MPH)
|
|
Batting: LHB Bryan Neal
|
0-0: Ball 1-0: Fly out, F4 (Popup, 4MS, EV 67.5 MPH)
|
|
Batting: RHB Eugene Cattane
|
0-0: Ball 1-0: Ball 2-0: Swinging Strike 2-1: Called Strike 2-2: Strikes out swinging
|
| Bottom of the 4th over - 0 runs, 0 hits, 0 errors, 0 left on base; Huron 1 - Watertown 0 |
| TOP OF THE 5TH |
|
Huron Cubs batting - Pitching for Watertown Bucks : RHP Bob L Gibson
|
|
Batting: SHB Chris Pittaro
|
0-0: Fly out, F8 (Line Drive, 8LM, EV 94.4 MPH)
|
|
Batting: RHB Ivan Calderon
|
0-0: Swinging Strike 0-1: Ball 1-1: DOUBLE (Line Drive, 89M, EV 110.0 MPH)
|
|
Batting: SHB Keith Smith
|
0-0: Ball 1-0: Ground out 4-3 (Groundball, 4, EV 77.5 MPH) Ivan Calderon to third
|
|
Batting: RHB Mark Carreon
|
0-0: Intentional Walk
|
|
Batting: RHB John Alvarez
|
0-0: Ball 1-0: Foul Ball, location: 2F 1-1: Fly out, F8 (Flyball, 8RD, EV 83.1 MPH)
|
| Top of the 5th over - 0 runs, 1 hit, 0 errors, 2 left on base; Huron 1 - Watertown 0 |
| BOTTOM OF THE 5TH |
|
Watertown Bucks batting - Pitching for Huron Cubs : RHP Carlos Gil
|
|
Batting: LHB Greg Guin
|
0-0: Ground out 1-3 (Groundball, 15S, EV 70.0 MPH)
|
|
Batting: RHB Thomas Dimino
|
0-0: Called Strike 0-1: Called Strike 0-2: Ball 1-2: Strikes out swinging
|
|
Batting: LHB Carl Spikes
|
0-0: Fly out, F6 (Popup, 56, EV 70.0 MPH)
|
| Bottom of the 5th over - 0 runs, 0 hits, 0 errors, 0 left on base; Huron 1 - Watertown 0 |
| TOP OF THE 6TH |
|
Huron Cubs batting - Pitching for Watertown Bucks : RHP Bob L Gibson
|
|
Batting: LHB Willis Gonzalez
|
0-0: Ball 1-0: Swinging Strike 1-1: Ground out 4-3 (Groundball, 4, EV 92.5 MPH)
|
|
Batting: RHB Mike Stellern
|
0-0: Foul Ball, location: 2F 0-1: Ball 1-1: Ground out U3 (Groundball, 3, EV 110.0 MPH)
|
|
Batting: RHB Duffy Ryan
|
0-0: SINGLE (Flyball, 7LS, EV 86.9 MPH)
|
|
Batting: RHB Scot Holliday
|
0-0: Fielders Choice at 2nd, 6-4 (Groundball, 6, EV 87.5 MPH)
|
| Top of the 6th over - 0 runs, 1 hit, 0 errors, 1 left on base; Huron 1 - Watertown 0 |
| BOTTOM OF THE 6TH |
|
Watertown Bucks batting - Pitching for Huron Cubs : RHP Carlos Gil
|
|
Batting: SHB Luis Rivera
|
0-0: Called Strike 0-1: Ball 1-1: Fly out, F7 (Flyball, 78D, EV 95.6 MPH)
|
|
Batting: RHB Robert Tanzi
|
0-0: Ball 1-0: Ball 2-0: Called Strike 2-1: Ball 3-1: Fly out, F9 (Flyball, 89XD, EV 103.1 MPH)
|
|
Batting: RHB Randy Hunt
|
0-0: Ball 1-0: Ball 2-0: Ball 3-0: Base on Balls
|
|
Batting: RHB Richard Plautz
|
0-0: Ball 1-0: Foul Ball, location: 2F 1-1: SINGLE (Groundball, 6MD, EV 106.3 MPH) Randy Hunt to second Runner from 2nd tries for 3rd, SAFE, no throw by CF
|
|
Batting: LHB Bryan Neal
|
0-0: Called Strike 0-1: Ball Richard Plautz steals 2nd base 1-1: Ground out 1-3 (Groundball, 13S, EV 71.9 MPH)
|
| Bottom of the 6th over - 0 runs, 1 hit, 0 errors, 2 left on base; Huron 1 - Watertown 0 |
| TOP OF THE 7TH |
|
Huron Cubs batting - Pitching for Watertown Bucks : RHP Bob L Gibson
|
|
Batting: SHB Chris Pittaro
|
0-0: Ball 1-0: Ball 2-0: Fly out, F7 (Flyball, 78M, EV 83.1 MPH)
|
|
Batting: RHB Ivan Calderon
|
0-0: Ball 1-0: Swinging Strike 1-1: Foul Ball, location: 2F 1-2: Foul Ball, location: 2F 1-2: Ground out 5-3 (Groundball, 5S, EV 80.6 MPH)
|
|
Batting: SHB Keith Smith
|
0-0: Called Strike 0-1: Ball 1-1: Swinging Strike 1-2: Strikes out swinging
|
| Top of the 7th over - 0 runs, 0 hits, 0 errors, 0 left on base; Huron 1 - Watertown 0 |
| BOTTOM OF THE 7TH |
|
Watertown Bucks batting - Pitching for Huron Cubs : RHP Carlos Gil
|
|
Batting: RHB Eugene Cattane
|
0-0: Ball 1-0: Reached on error, E3 (Groundball, 34S, EV 82.5 MPH)
|
|
Batting: LHB Greg Guin
|
0-0: Ball 1-0: Ball 2-0: Called Strike 2-1: Foul Ball, location: 2F 2-2: Ball 3-2: Fly out, F8 (Line Drive, 8LD, EV 92.5 MPH) Runner from 2nd tags up, SAFE at 3rd with throw by CF
|
|
Pinch Hitting: RHB Sebastiano Borriello
|
0-0: Called Strike 0-1: Foul Ball, location: 2F 0-2: Ball 1-2: Ball 2-2: Ball 3-2: Foul Ball, location: 2F 3-2: Foul Ball, location: 2F 3-2: Foul Ball, location: 2F 3-2: Strikes out looking
|
|
Pinch Hitting: SHB Bruce Hines
|
0-0: Called Strike 0-1: Ball 1-1: Called Strike 1-2: Ball 2-2: Foul Ball, location: 2F 2-2: Ball 3-2: Base on Balls
|
|
Pinch Hitting: LHB Manuel Vigil
|
0-0: Ball 1-0: Ball 2-0: Ball 3-0: Called Strike 3-1: Base on Balls Bruce Hines to second
|
|
Batting: RHB Robert Tanzi
|
0-0: Foul Ball, location: 2F 0-1: Ball 1-1: Foul Ball, location: 2F 1-2: Ball 2-2: Strikes out swinging
|
| Bottom of the 7th over - 0 runs, 0 hits, 1 error, 3 left on base; Huron 1 - Watertown 0 |
| TOP OF THE 8TH |
|
Huron Cubs batting - Pitching for Watertown Bucks : RHP Bob L Gibson
|
|
Now at 2B: Bruce Hines
|
|
|
Now at SS: Marvin Clack
|
|
|
Now in CF: Manuel Vigil
|
|
|
Batting: RHB Mark Carreon
|
0-0: Ball 1-0: Fly out, F3 (Popup, 34S, EV 66.9 MPH)
|
|
Batting: RHB John Alvarez
|
0-0: Foul Ball, location: 2F 0-1: Ball 1-1: Called Strike 1-2: Fly out, F8 (Flyball, 89D, EV 75.6 MPH)
|
|
Batting: LHB Willis Gonzalez
|
0-0: Foul Ball, location: 2F 0-1: Ball 1-1: Ball 2-1: Fly out, F9 (Flyball, 89S, EV 86.3 MPH)
|
| Top of the 8th over - 0 runs, 0 hits, 0 errors, 0 left on base; Huron 1 - Watertown 0 |
| BOTTOM OF THE 8TH |
|
Watertown Bucks batting - Pitching for Huron Cubs : RHP Carlos Gil
|
|
Batting: RHB Randy Hunt
|
0-0: Ball 1-0: Swinging Strike 1-1: Ball 2-1: Fly out, F9 (Flyball, 9LS, EV 78.1 MPH)
|
|
Batting: RHB Richard Plautz
|
0-0: Ball 1-0: Fly out, F4 (Popup, 4, EV 75.6 MPH)
|
|
Batting: LHB Bryan Neal
|
0-0: Called Strike 0-1: Ball 1-1: Swinging Strike 1-2: Ball 2-2: Strikes out swinging
|
| Bottom of the 8th over - 0 runs, 0 hits, 0 errors, 0 left on base; Huron 1 - Watertown 0 |
| TOP OF THE 9TH |
|
Huron Cubs batting - Pitching for Watertown Bucks : RHP Bob L Gibson
|
|
Pitching: RHP Randy Graham
|
|
|
Batting: RHB Mike Stellern
|
0-0: Swinging Strike 0-1: Ball 1-1: Foul Ball, location: 2F 1-2: Strikes out swinging
|
|
Batting: RHB Duffy Ryan
|
0-0: Ball 1-0: Ground out 5-3 (Groundball, 5, EV 98.8 MPH)
|
|
Batting: RHB Scot Holliday
|
0-0: Ball 1-0: Foul Ball, location: 2F 1-1: Foul Ball, location: 2F 1-2: Foul Ball, location: 2F 1-2: Ball 2-2: Ball 3-2: Foul Ball, location: 2F 3-2: SINGLE (Groundball, 34D, EV 95.6 MPH)
|
|
Batting: SHB Chris Pittaro
|
0-0: Ball 1-0: Foul Ball, location: 2F 1-1: Ball Scot Holliday steals 2nd base 2-1: Ball 3-1: Foul Ball, location: 2F 3-2: Strikes out swinging
|
| Top of the 9th over - 0 runs, 1 hit, 0 errors, 1 left on base; Huron 1 - Watertown 0 |
| BOTTOM OF THE 9TH |
|
Watertown Bucks batting - Pitching for Huron Cubs : RHP Carlos Gil
|
|
Batting: RHB Eugene Cattane
|
0-0: Called Strike 0-1: Ball 1-1: Ball 2-1: Called Strike 2-2: Strikes out swinging
|
|
Batting: LHB Greg Guin
|
0-0: Swinging Strike 0-1: Fly out, F6 (Popup, 4MD, EV 66.3 MPH)
|
|
Pinch Hitting: RHB Bob Volk
|
0-0: Ball 1-0: Swinging Strike 1-1: Foul Ball, location: 2F 1-2: Fly out, F8 (Flyball, 8RM, EV 90.0 MPH)
|
| Bottom of the 9th over - 0 runs, 0 hits, 0 errors, 0 left on base; Huron 1 - Watertown 0 |
|